 Dungeon Crawl Stone Soup version 0.31-a0-986-g5e6e4ef867 (webtiles) character file.

Game seed: 494252850498548529

4158 horus123 the Basher (level 10, -3/74 HPs)
             Began as a Human Gladiator on Nov 16, 2023.
             Was a Priest of Makhleb.
             Slain by a hornet (7 damage)
             ... on level 8 of the Dungeon.
             The game lasted 00:21:12 (5641 turns).

horus123 the Basher (Human Gladiator)               Turns: 5641, Time: 00:21:13

Health: -3/74      AC: 17    Str: 19    XL:     10   Next: 52%
Magic:  16/16      EV:  9    Int:  8    God:    Makhleb [***...]
Gold:   228        SH:  4    Dex: 15    Spells: 9/9 levels left

rFire   . . .        E - +1 morningstar (flame)
rCold   . . .        F - +0 buckler
rNeg    . . .        u - +0 chain mail
rPois   .            c - +0 helmet
rElec   .            (no cloak)
rCorr   +            o - +0 pair of gloves
SInv    .            (no boots)
Will    .....        r - amulet of regeneration Stlth
                     y - +4 ring of protection
HPRegen 1.12/turn    t - ring of resist corrosion
MPRegen 0.15/turn

%: no passive effects
@: lethally poisoned (-3 -> -11), slowed, very slow
A: no striking features
a: Renounce Religion, Minor Destruction, Lesser Servant of Makhleb


You were on level 8 of the Dungeon.
You worshipped Makhleb.
Makhleb was most pleased with you.
You visited 1 branch of the dungeon, and saw 8 of its levels.

You collected 228 gold pieces.

Inventory:

Hand Weapons
 E - a +1 morningstar of flaming (weapon)
 K - the +1 mace of Conflict {drain, Fly rElec}
   (You found it on level 7 of the Dungeon)

   rElec:     It insulates you from electricity.
   Fly:       It grants you flight.
Missiles
 d - 4 throwing nets
 i - 98 stones
 l - 28 poisoned darts
 x - a javelin
 H - 6 atropa-tipped darts
Armour
 c - a +0 helmet (worn)
 o - a +0 pair of gloves (worn)
 u - a +0 chain mail (worn)
 F - a +0 buckler (worn)
Jewellery
 a - an amulet of faith
 r - an amulet of regeneration (around neck)
 t - a ring of resist corrosion (right hand)
 y - a +4 ring of protection (left hand)
 B - an amulet of the acrobat
 D - a ring of fire
Wands
 C - a wand of paralysis (9)
 I - a wand of polymorph (6)
 J - a wand of flame (20)
Scrolls
 f - a scroll of fog
 h - 4 scrolls of teleportation
 j - 4 scrolls of revelation
 k - 2 scrolls of vulnerability
 m - 2 scrolls of amnesia
 n - 2 scrolls of immolation {unknown}
 A - 2 scrolls of noise
 G - 2 scrolls of fear {unknown}
Potions
 g - 2 potions of berserk rage {unknown}
 p - 4 potions of attraction
 q - 2 potions of brilliance {unknown}
 s - 2 potions of heal wounds {unknown}
 v - 2 potions of degeneration {unknown}
 w - 2 potions of mutation {unknown}
 z - a potion of curing {unknown}


   Skills:
 + Level 5.0 Fighting
 - Level 8.0 Maces & Flails
 - Level 6.0 Throwing
 - Level 7.0 Armour
 - Level 3.0 Dodging
 - Level 8.0 Invocations


You had 9 spell levels left.
You didn't know any spells.
Your spell library contained the following spells:

 Spells                   Type           Power      Damage    Failure   Level
 Inner Flame              Hex/Fire       0%         N/A       100%        3
 Ozocubu's Armour         Ice            0%         N/A       100%        3
 Tukima's Dance           Hex            0%         N/A       100%        3
 Volatile Blastmotes      Fire/Tloc      0%         2d10      100%        3
 Dimensional Bullseye     Hex/Tloc       0%         N/A       100%        4
 Flame Wave               Conj/Fire      0%         2d4       100%        4
 Iskenderun's Mystic Bla  Conj/Tloc      0%         2d3       100%        4
 Sticky Flame             Conj/Fire      0%         2d3       100%        4
 Summon Ice Beast         Ice/Summ       0%         N/A       100%        4
 Simulacrum               Ice/Necr       0%         N/A       100%        6
 Ozocubu's Refrigeration  Ice            0%         4d7       100%        7


Dungeon Overview and Level Annotations

Branches:
Dungeon (8/15)             Temple (0/1) D:6
   Lair: D:8-11

Altars:
Ashenzari
Cheibriados
Gozag
Hepliaklqana
Makhleb
Okawaru
Uskayaw
Wu Jian
Xom
Yredelemnul

Shops:
D:1 !   D:5 =


Message History

The steam dragon bites you.
* * * LOW HITPOINT WARNING * * *
The steam dragon claws you.
* * * LOW HITPOINT WARNING * * *
You feel sick. The hornet stings you.
* * * LOW HITPOINT WARNING * * *
You feel as though you will be slow longer.
The hornet stings you.
* * * LOW HITPOINT WARNING * * *
You shrug off the repeated paralysis!
The steam dragon bites you but does no damage.
The steam dragon claws you but does no damage.
You can move again.
You are confused.
You feel invigorated.
You feel sick. The hornet completely misses you. The hornet stings you.
* * * LOW HITPOINT WARNING * * *
You feel as though you will be slow longer.
The steam dragon bites you but does no damage.
The steam dragon claws you but does no damage.
You feel sick. The steam dragon closely misses you.
The steam dragon claws you but does no damage.
The hornet stings you!
* * * LOW HITPOINT WARNING * * *
You are more poisoned.
You feel as though you will be slow longer.
The steam dragon barely misses you. x2
You feel less invigorated.
You feel less confused.
You feel very sick. The hornet attacks as it pursues you!
The hornet stings you.
* * * LOW HITPOINT WARNING * * *
You are lethally poisoned!
You feel as though you will be slow longer.
The hornet stings you but does no damage.
The steam dragon bites you but does no damage.
The steam dragon claws you.
* * * LOW HITPOINT WARNING * * *
The hornet stings you!
You die...

... ... ....
#### .....
..########
##...##.##.....#
#.....#.##.....#
#........$D@...#
.....#.##y....#
#.......##.....#
#.###.##########
$.. ###


You could see a hornet and a steam dragon.

Vanquished Creatures
  An unseen horror (D:6)
  A steam dragon (D:7)
  Edmund (D:4)
  Duvessa (D:4)
  A sky beast (D:7)
  An ice beast (D:6)
  4 ogres
  10 centaurs
  4 phantoms
  Blork the orc (D:3)
  2 kobold brigands
  2 bullfrogs (D:6)
  3 scorpions
  A wyvern skeleton (D:6)
  Dowan (D:4)
  4 howler monkeys
  3 bullfrog zombies (D:6)
  2 centaur zombies (D:6)
  3 hounds
  6 orc priests
  2 bullfrog skeletons (D:6)
  5 jellies
  A sleepcap (D:6)
  Natasha (D:4)
  5 iguanas
  3 orc wizards
  7 gnolls
  A howler monkey skeleton (D:6)
  5 adders
  A shadow imp (D:7)
  A white imp (D:6)
  2 ufetubi (D:5)
  A worm (D:4)
  7 dart slugs
  24 orcs
  4 endoplasms
  5 giant cockroaches
  13 goblins
  11 hobgoblins
  2 jackals (D:4)
  16 kobolds
  7 quokkas
  7 ball pythons
  7 bats
  5 frilled lizards
  4 rats
199 creatures vanquished.

Vanquished Creatures (others)
  A sky beast (D:7)
  An orc wizard (D:3)
  A kobold (D:8)
3 creatures vanquished.

Grand Total: 202 creatures vanquished

Notes
Turn   | Place    | Note
-------+----------+-------------------------------------------
     0 | D:1      | horus123 the Human Gladiator began the quest for the Orb.
     0 | D:1      | Reached XP level 1. HP: 16/16 MP: 1/1
   122 | D:1      | Reached XP level 2. HP: 23/23 MP: 2/2
   215 | D:1      | Found Losaergho's Distillery.
   336 | D:1      | Reached XP level 3. HP: 29/29 MP: 3/3
  1347 | D:3      | Reached XP level 4. HP: 37/37 MP: 4/4
  1519 | D:3      | Reached XP level 5. HP: 33/42 MP: 5/5
  1761 | D:3      | Identified the +0 robe of Boorepur {rF- Int-4 Dex+7}
  2141 | D:4      | Found a snail-covered altar of Cheibriados.
  2141 | D:4      | Found a burning altar of Makhleb.
  2141 | D:4      | Found an opulent altar of Gozag.
  2142 | D:4      | Noticed Blork the orc
  2177 | D:4      | Reached XP level 6. HP: 27/48 MP: 6/6
  2209 | D:3      | Killed Blork the orc
  2210 | D:3      | Reached skill level 5 in Throwing
  2361 | D:4      | Found a basalt altar of Yredelemnul.
  2361 | D:4      | Found a hide-covered altar of Uskayaw.
  2365 | D:4      | Became a worshipper of Makhleb the Destroyer
  2388 | D:4      | Noticed Duvessa
  2421 | D:4      | Killed Duvessa
  2422 | D:4      | Reached XP level 7. HP: 54/54 MP: 7/7
  2443 | D:4      | Noticed Natasha
  2460 | D:4      | Killed Natasha
  2540 | D:4      | Reached skill level 5 in Fighting
  2705 | D:4      | Noticed Dowan
  2721 | D:4      | Killed Dowan
  2736 | D:4      | Reached * piety under Makhleb
  2737 | D:4      | Reached skill level 5 in Maces & Flails
  2737 | D:4      | Reached XP level 8. HP: 49/62 MP: 8/8
  2794 | D:4      | Noticed Edmund
  2817 | D:4      | Killed Edmund
  3095 | D:4      | Found a hazy altar of Hepliaklqana.
  3096 | D:4      | Found a shimmering altar of Xom.
  3096 | D:4      | Noticed a Killer Klown
  3097 | D:4      | Noticed a spectral ugly thing
  3097 | D:4      | Noticed a Killer Klown
  3137 | D:5      | Identified the "Myec"
  3137 | D:5      | Entered Level 5 of the Dungeon
  3498 | D:5      | Found a broken altar of Ashenzari.
  3512 | D:5      | Found Liruheof's Jewellery Boutique.
  3570 | D:5      | Reached skill level 1 in Armour
  3655 | D:5      | Reached XP level 9. HP: 68/68 MP: 9/9
  4047 | D:6      | Reached skill level 5 in Armour
  4094 | D:6      | Killed an unseen horror
  4277 | D:6      | Found a staircase to the Ecumenical Temple.
  4292 | D:6      | Reached ** piety under Makhleb
  4399 | D:6      | Reached skill level 1 in Invocations
  4562 | D:6      | Reached XP level 10. HP: 73/74 MP: 10/12
  5169 | D:7      | Reached skill level 5 in Invocations
  5209 | D:7      | Reached *** piety under Makhleb
  5370 | D:7      | Identified the +1 mace of Conflict {drain, Fly rElec}
  5523 | D:7      | Found an ornate altar of the Wu Jian Council.
  5533 | D:7      | Found an iron altar of Okawaru.
  5637 | D:8      | Paralysed by a hornet for 2 turns
  5641 | D:8      | Slain by a hornet

Illustrated notes

Levels and vault maps discovered:
D:1:      ncdulo_smallfort, layout_rooms, serial_shops, shop
D:2:      layout_loops_corners
D:3:      layout_basic
D:4:      layout_rooms, regret_index_temple_of_mockery,
          grunt_temple_overflow_open, hangedman_decor_points, minmay_quantized,
          uniq_edmund, uniq_duvessa, uniq_natasha, uniq_blork_the_orc
D:5:      layout_loops_ring, mainiacjoe_overflow_boulevard, serial_shops, shop
D:6:      corexii_shantytown, layout_basic, minmay_temple_entry_purple_smoke,
          serial_undead, serial_undead_d, serial_undead_a, serial_undead_c,
          serial_undead_d
D:7:      layout_rooms, minitemple, centaur_isle
D:8:      layout_loops_cross, nicolae_kikubaaqudgha_miasma_corner

Skill      XL: |  1  2  3  4  5  6  7  8  9 10 |
---------------+-------------------------------+-----
Fighting       | 3 4 5 |  5.0
Throwing       | 3 4 6 |  6.0
Maces & Flails | 5 7 8 |  8.0
Armour         | 3 7 |  7.0
Invocations    | 3 8 |  8.0
Dodging        | |  3.0

Action                     |  1- 3 |  4- 6 |  7- 9 | 10-12 || total
---------------------------+-------+-------+-------+-------++-------
  Melee: Flail             |   113 |   136 |   289 |       ||   538
         Punch             |       |     1 |     4 |       ||     5
         Morningstar       |       |       |    71 |   141 ||   212
         Mace              |       |       |       |     1 ||     1
  Throw: Dart              |    18 |    11 |    23 |       ||    52
         Boomerang         |       |    20 |    43 |       ||    63
         Javelin           |       |       |     1 |       ||     1
         Throwing net      |       |       |     1 |       ||     1
 Invoke: Minor Destruction |       |       |       |    18 ||    18
  Evoke: Wand              |       |     8 |       |       ||     8
    Use: Scroll            |       |       |    12 |     1 ||    13
         Potion            |       |       |       |     2 ||     2
   Stab: Invisible         |       |     3 |       |       ||     3
         Held in net/web   |       |       |     1 |       ||     1
 Armour: Ring mail         |   105 |    61 |       |       ||   166
         Chain mail        |       |    96 |   341 |   237 ||   674
  Dodge: Dodged            |   105 |    70 |   141 |   126 ||   442
  Block: Buckler           |       |       |     1 |    50 ||    51

Table legend: (Time is in decaauts)
 A = Elapsed time spent in this place.
 B = Non-inter-level travel time spent in this place.
 C = Inter-level travel time spent in this place.
 D = Time resting spent in this place.
 E = Time spent auto-exploring this place.
 F = Levels seen in this place.
 G = Mean time per level.
                   A        B        C        D        E       F      G
               +--------+--------+--------+--------+--------+-----+--------+
         Total |   5766 |   5510 |    256 |    247 |   3037 |   8 |  720.8 |
       Dungeon |   5766 |   5510 |    256 |    247 |   3037 |   8 |  720.8 |
               +--------+--------+--------+--------+--------+-----+--------+

Top non-repeatable levels by time:
     D:6: 1210 daAuts
     D:3: 1065 daAuts
     D:4: 846 daAuts
     D:2: 805 daAuts
     D:5: 770 daAuts
     D:7: 536 daAuts
     D:1: 516 daAuts
     D:8: 16 daAuts
